Map: Shrines of Lizul

Players

Dubee

  • Race: Terran Terran
  • Spawn Location: 6:00

Ricus

  • Race: Terran Terran
  • League: Master
  • Spawn Location: 9:00

PureLegacy - Winner!

  • Race: Terran Terran
  • Spawn Location: 12:00

ADOIFHlTLER - Winner!

  • Race: Terran Terran
  • League: Master
  • Spawn Location: 3:00

VOD

Have the link to the VOD?

Description

Time

  • Played on: Nov. 22, 2018, 10:23 a.m.
  • Length: 6:24
Show
View Real Time Build Order
Export as new Build Order

Dubee Terran 

Build Orders:  

Get SALT Encoding   

  12  0:01  SCV  
  13  0:13  SCV  
  14  0:17  Supply Depot  
  14  0:25  SCV  
  15  0:29  Refinery  
  15  0:39  SCV  
  16  0:45  Barracks  
  16  0:51  SCV  
  17  1:03  SCV  
  18  1:15  SCV  
  19  1:19  Supply Depot  
  19  1:32  Orbital Command  
  19  1:33  Reaper  
  20  1:48  Factory  
  20  1:57  SCV  
  21  2:06  Reaper  
  22  2:12  SCV  
  22  2:15  Command Center  
  20  2:38  Reaper  
  20  2:39  Hellion  
  22  2:45  SCV  
  22  2:50  Refinery  
  23  3:03  SCV  
  20  3:08  Hellion  
  22  3:17  Reaper  
  23  3:23  SCV  
  23  3:25  Starport  
  24  3:31  Factory Tech Lab  
  24  3:35  SCV  
  22  3:49  Cyclone  
  14  4:05  SCV  
  10  4:17  SCV  
  7  4:32  SCV  
  8  4:40  Cyclone  
  8  4:45  SCV  
  12  5:05  SCV  
  5  5:23  SCV  
  3  5:34  Orbital Command  
  3  5:43  SCV  
  4  5:55  SCV  
  5  6:00  SCV  
  6  6:11  SCV  
Show
View Real Time Build Order
Export as new Build Order

Ricus Terran 

Build Orders: 1/1/1, Liberator Opening 

Get SALT Encoding   

  12  0:01  SCV  
  13  0:13  SCV  
  14  0:19  Supply Depot  
  14  0:25  SCV  
  15  0:40  SCV  
  15  0:42  Barracks  
  16  0:45  Refinery  
  16  0:53  SCV  
  16  0:56  Refinery  
  17  1:05  SCV  
  18  1:17  SCV  
  19  1:29  Reaper, Orbital Command  
  20  1:37  Supply Depot  
  20  1:45  Factory  
  20  1:55  SCV  
  21  2:01  Reaper  
  21  2:07  SCV  
  23  2:19  SCV  
  24  2:28  Supply Depot  
  24  2:29  Hellion, Starport  
  26  2:31  SCV  
  26  2:34  Reaper  
  28  2:45  SCV  
  28  2:50  Hellion  
  31  2:57  SCV  
  32  3:00  Supply Depot  
  32  3:06  Reaper  
  32  3:11  Hellion  
  35  3:14  Liberator  
  36  3:27  SCV  
  36  3:33  Hellion  
  41  3:38  Supply Depot  
  41  3:40  Reaper  
  42  3:42  SCV  
  42  3:54  Hellion  
  44  3:57  SCV  
  45  4:03  Liberator  
  40  4:12  SCV  
  42  4:31  Reaper, SCV  
  44  4:39  Factory Tech Lab  
  44  4:43  SCV  
  45  4:50  Command Center  
  45  4:55  SCV  
  44  5:03  Reaper  
  44  5:04  Cyclone  
  44  5:05  Viking  
  47  5:07  SCV  
  48  5:19  SCV  
  48  5:22  Barracks  
  48  5:23  Barracks  
  48  5:31  SCV  
  46  5:37  Cyclone  
  46  5:38  Viking  
  51  5:43  SCV  
  51  5:49  Reaper  
  53  5:54  Engineering Bay  
  53  5:55  Supply Depot  
  53  5:56  SCV  
  54  6:08  SCV  
  54  6:09  Supply Depot  
  54  6:10  Supply Depot  
Show
View Real Time Build Order
Export as new Build Order

PureLegacy Terran - Winner!

Build Orders:  

Get SALT Encoding   

  12  0:01  SCV  
  13  0:13  SCV  
  14  0:18  Supply Depot  
  14  0:25  SCV  
  15  0:29  Refinery  
  15  0:39  SCV  
  16  0:46  Barracks  
  16  0:51  SCV  
  17  1:03  Barracks  
  17  1:18  Barracks  
  17  1:23  SCV  
  18  1:33  Reaper  
  18  1:39  Orbital Command  
  19  1:48  Refinery  
  19  1:50  Reaper  
  20  2:02  Supply Depot  
  20  2:05  Reaper  
  21  2:08  Reaper  
  23  2:15  SCV  
  22  2:24  Reaper  
  23  2:37  Reaper  
  23  2:43  Reaper  
  24  2:45  Supply Depot, SCV  
  25  2:56  Reaper  
  25  2:57  SCV  
  27  3:09  Reaper  
  27  3:15  Reaper  
  27  3:18  SCV  
  29  3:32  Reaper, Command Center  
  29  3:34  SCV  
  31  3:41  Reaper, Engineering Bay  
  31  3:47  SCV  
  33  3:57  Reaper  
  31  4:11  Reaper, SCV  
  31  4:13  Missile Turret  
  31  4:14  Supply Depot  
  31  4:15  Reaper  
  34  4:19  Barracks  
  33  4:27  SCV  
  33  4:32  Reaper  
  29  4:51  Reaper x2  
  29  5:07  Reaper  
  29  5:11  Orbital Command  
  29  5:18  Reaper  
  29  5:19  SCV  
  31  5:26  Barracks  
  31  5:29  Refinery  
  31  5:30  Refinery  
  31  5:32  Reaper  
  31  5:35  SCV  
  33  5:37  SCV  
  33  5:49  Reaper  
  33  5:51  SCV x2  
  33  5:56  Missile Turret  
  36  5:57  Supply Depot  
  36  6:03  SCV  
  38  6:06  SCV  
Show
View Real Time Build Order
Export as new Build Order

ADOIFHlTLER Terran - Winner!

Build Orders: Mech 

Get SALT Encoding   

  12  0:00  SCV  
  13  0:12  SCV  
  14  0:18  Supply Depot  
  14  0:24  SCV  
  15  0:32  Refinery  
  15  0:40  SCV  
  16  0:48  Barracks  
  16  0:53  SCV  
  17  1:01  Refinery  
  17  1:05  SCV  
  18  1:17  SCV  
  19  1:35  Reaper  
  19  1:36  Orbital Command  
  20  1:44  Factory  
  20  1:52  Supply Depot  
  20  2:02  SCV  
  20  2:08  Reaper  
  22  2:14  SCV  
  22  2:28  Hellion  
  24  2:34  Command Center  
  24  2:43  Barracks Tech Lab  
  24  2:45  SCV  
  24  2:49  Starport  
  25  2:54  Supply Depot  
  25  3:00  SCV  
  26  3:12  SCV  
  25  3:13  Cyclone  
  28  3:24  SCV  
  29  3:27  Barracks Reactor  
  29  3:36  SCV  
  30  3:47  Siege Tank  
  33  3:48  Refinery  
  33  3:49  SCV, Orbital Command  
  34  4:01  SCV  
  35  4:13  Viking x2, SCV  
  40  4:20  SCV  
  41  4:25  SCV  
  41  4:28  Siege Tank  
  45  4:32  SCV  
  45  4:37  SCV  
  47  4:44  SCV  
  48  4:49  SCV  
  48  4:50  Command Center  
  49  4:56  Viking, SCV  
  47  5:00  Barracks Reactor  
  47  5:01  SCV  
  47  5:06  Factory  
  48  5:08  SCV  
  48  5:10  Viking  
  48  5:13  SCV  
  52  5:15  Supply Depot  
  52  5:20  SCV  
  53  5:25  SCV  
  54  5:28  Refinery  
  54  5:37  SCV x2, Siege Tank  
  54  5:40  Factory  
  59  5:45  Viking  
  59  5:46  Barracks Tech Lab  
  59  5:49  SCV  
  62  6:02  SCV x2  
  77  6:20  Supply Depot  
  77  6:22  Supply Depot  
Tags
 
Add a new tag
Caveats
  • Supply blocks, unpowered buildings, or Contaminate may cause inaccurate times.
  • Supply counts are checked every 10 seconds.